 Dungeon Crawl Stone Soup version 0.25-a0-285-gcba6f664f8 (webtiles) character file.

Game seed: 4771033628330474341, levelgen mode: deterministic

120 floatRand the Shield-Bearer (level 5, 0/61 HPs)
             Began as a Formicid Fighter on Dec 11, 2019.
             Was a Follower of Uskayaw.
             Succumbed to an adder's poison
             ... on level 2 of the Dungeon.
             The game lasted 00:01:45 (1171 turns).

floatRand the Shield-Bearer (Formicid Fighter)      Turns: 1171, Time: 00:01:45

Health: 0/61       AC: 22    Str: 21    XL:     5   Next: 25%
Magic:  5/5        EV:  2    Int:  7    God:    Uskayaw [*.....]
Gold:   87         SH:  9    Dex: 11    Spells: 4/4 levels left

rFire    . . .     SeeInvis .   a - +0 war axe
rCold    . . .     Gourm    .   c - +0 shield
rNeg     + + +     Faith    .   (armour currently unavailable)
rPois    +         Spirit   .   (helmet unavailable)
rElec    .         Reflect  .   (cloak currently unavailable)
rCorr    .         Harm     .   (gloves currently unavailable)
MR       .....                  (boots currently unavailable)
Stlth    ++........             (no amulet)
HPRegen  0.20/turn              (no ring)
MPRegen  0.09/turn              (no ring)

@: lethally poisoned (0 -> -1), tree-form, very slightly contaminated, invisible
A: permanent stasis, dig shafts and tunnels, four strong arms
a: Stomp, Renounce Religion


You were on level 2 of the Dungeon.
You worshipped Uskayaw.
Uskayaw was noncommittal.
You were not hungry.
You were a tree.
You visited 1 branch of the dungeon, and saw 2 of its levels.

You collected 87 gold pieces.

Inventory:

Hand Weapons
 a - a +0 war axe (weapon)
Missiles
 l - 5 boomerangs (quivered)
Armour
 b - a +0 scale mail (melded)
 c - a +0 shield (worn)
Scrolls
 g - 2 scrolls of enchant weapon {unknown}
 j - a scroll of remove curse {unknown}
 k - 2 scrolls of amnesia {unknown}
Potions
 d - a potion of might
Comestibles
 f - 6 rations
 m - 3 chunks of flesh


   Skills:
 - Level 3.2 Fighting
 + Level 3.5 Axes
 - Level 3.2 Armour
 + Level 1.3 Dodging
 + Level 2.1 Stealth
 + Level 4.2 Shields
 + Level 1.2 Invocations


You had 4 spell levels left.
You didn't know any spells.
Your spell library was empty.

Dungeon Overview and Level Annotations

Branches:
Dungeon (2/15)

Altars:
Ashenzari
Nemelex Xobeh
Uskayaw


Innate Abilities, Weirdness & Mutations

You cannot be hasted, slowed, berserked, paralysed or teleported.
You can dig through walls and to a lower floor.
Your four strong arms can wield two-handed weapons with a shield.
((You have a pair of large antennae on your head. (SInv)))


Message History

You cannot move.
Unknown command.
You slash the ball python!
You kill the ball python!
* * * LOW HITPOINT WARNING * * *
You feel sick.
You cannot move.
You cannot move.
There is a lethal amount of poison in your body!
There is a lethal amount of poison in your body!
There is a lethal amount of poison in your body!
* * * LOW HITPOINT WARNING * * *
You feel sick.
* * * LOW HITPOINT WARNING * * *
You feel sick.
* * * LOW HITPOINT WARNING * * *
You feel sick.
* * * LOW HITPOINT WARNING * * *
You feel sick.
You die...

.......[............
###.##...####.##..# .#
.........####.##..##.###.
###......................
#.##...#.##..#........
..................P.P#
###................P.P.
####.........†...#.
##........†♣..+ {
#..####..#...+ .'.#
#..#÷#.# ≈.#. #..#.#)#
.## #..#.#..# #..#.#....
#..#........
...........## #.####....


There were no monsters in sight!

Vanquished Creatures
  Jessica (D:2)
  5 adders (D:2)
  2 oozes
  2 dart slugs
  A leopard gecko (D:1)
  2 ball pythons (D:2)
  5 bats
  3 giant cockroaches
  3 goblins
  3 hobgoblins
  2 jackals (D:2)
  2 kobolds (D:1)
  A frilled lizard (D:1)
  3 rats
35 creatures vanquished.

Notes
Turn   | Place    | Note
-------+----------+-------------------------------------------
     0 | D:1      | floatRand the Formicid Fighter began the quest for the Orb.
     0 | D:1      | Reached XP level 1. HP: 18/18 MP: 1/1
   103 | D:1      | Reached XP level 2. HP: 24/24 MP: 2/2
   278 | D:1      | Reached XP level 3. HP: 29/29 MP: 3/3
   382 | D:2      | Reached skill level 1 in Stealth
   802 | D:2      | Reached XP level 4. HP: 35/35 MP: 4/4
   811 | D:2      | Found a sparkling altar of Nemelex Xobeh.
   812 | D:2      | Found a shattered altar of Ashenzari.
   828 | D:2      | Found a hide-covered altar of Uskayaw.
   850 | D:2      | Became a worshipper of Uskayaw the Reveler
   906 | D:2      | Reached * piety under Uskayaw
   909 | D:2      | Reached skill level 1 in Dodging
   909 | D:2      | Reached skill level 4 in Shields
   929 | D:2      | Noticed Jessica
   935 | D:2      | Reached ** piety under Uskayaw
   937 | D:2      | Killed Jessica
  1087 | D:2      | Reached skill level 1 in Invocations
  1087 | D:2      | Reached XP level 5. HP: 26/41 MP: 5/5
  1092 | D:2      | Reached *** piety under Uskayaw
  1159 | D:2      | HP: 3/61 [poisoned by an adder]
  1165 | D:2      | HP: 1/61 [poisoned by an adder]
  1171 | D:2      | Succumbed to an adder's poison

Levels and vault maps discovered:
D:1:      dpeg_arrival_shelter, layout_rooms, st_stairs_8
D:2:      cheibrodos_old_hovel, layout_basic,
          chequers_temple_overflow_statue_of_worship, makhleb_grotto_becter,
          uniq_jessica

Skill      XL: |  1  2  3  4 |
---------------+-------------+-----
Axes           | 3 |  3.5
Stealth        | 1 2 |  2.1
Dodging        | 1 |  1.3
Shields        | 4 |  4.2
Invocations    | 1 |  1.2
Fighting       | |  3.2
Armour         | |  3.2

Action                   |  1- 3 |  4- 6 || total
-------------------------+-------+-------++-------
Melee: War axe           |    82 |    45 ||   127
  Use: Potion            |       |     3 ||     3
 Stab: Invisible         |       |     1 ||     1
  Eat: Chunk             |       |     1 ||     1
Armor: Scale mail        |    47 |    13 ||    60
       Skin              |       |     4 ||     4
Dodge: Dodged            |    27 |    14 ||    41
Block: Shield            |    45 |    32 ||    77

Table legend:
 A = Non-vault XP
 B = Vault XP
 C = Vault XP percentage of total XP
 D = Non-vault monster count
 E = Vault monster count
 F = Vault count percentage of total count
                 A         B        C        D         E       F
            +---------+---------+-------+---------+---------+-------
      Total |     126 |      46 |  26.7 |      32 |       3 |   8.6
            +---------+---------+-------+---------+---------+-------
        D:1 |      26 |       9 |  25.7 |      14 |       2 |  12.5
        D:2 |     100 |      37 |  27.0 |      18 |       1 |   5.3
            +---------+---------+-------+---------+---------+-------
